 Dungeon Crawl Stone Soup version 0.28.0-53-g5a82cb258f (webtiles) character file.

Game seed: 12975498082438221218

172 Sin92 the Skirmisher (level 5, -4/42 HPs)
             Began as a Demonspawn Fighter on June 5, 2022.
             Killed by divine providence
             ... invoked by an orc priest
              (13 damage)
             ... on level 3 of the Dungeon.
             The game lasted 00:01:46 (1736 turns).

Sin92 the Skirmisher (Demonspawn Fighter)           Turns: 1736, Time: 00:01:47

Health: -4/42      AC:  9    Str: 19    XL:     5   Next: 27%
Magic:  5/5        EV:  9    Int:  9    God:
Gold:   82         SH:  4    Dex: 12    Spells: 4/4 levels left

rFire   . . .      SeeInvis .   a - +0 war axe
rCold   . . .      Faith    .   c - +0 buckler
rNeg    . . .      Spirit   .   b - +0 scale mail
rPois   .          Reflect  .   (no helmet)
rElec   .          Harm     .   m - +0 cloak
rCorr   .          Rampage  .   l - +0 pair of gloves
Will    .....                   (no boots)
Stlth   ..........              (no amulet)
HPRegen 0.14/turn               (no ring)
MPRegen 0.09/turn               (no ring)

@: no status effects
A: demonic guardian 1, weakness stinger 2
a: no special abilities


You were on level 3 of the Dungeon.
You visited 1 branch of the dungeon, and saw 3 of its levels.

You collected 82 gold pieces.

Inventory:

Hand Weapons
 a - a +0 war axe (weapon)
Armour
 b - a +0 scale mail (worn)
 c - a +0 buckler (worn)
 l - a +0 pair of gloves (worn)
 m - a +0 cloak (worn)
Scrolls
 e - a scroll of summoning
 f - a scroll of enchant armour {unknown}
 n - 2 scrolls of identify {unknown}
Potions
 d - a potion of might
 g - a potion of ambrosia {unknown}
 h - a potion of mutation {unknown}
 i - a potion of heal wounds {unknown}
 j - a potion of magic {unknown}
 k - a potion of resistance {unknown}
 o - a potion of invisibility {unknown}


   Skills:
 + Level 3.7 Fighting
 + Level 2.7 Axes
 + Level 3.4 Armour
 + Level 1.8 Dodging
 + Level 3.4 Shields


You had 4 spell levels left.
You didn't know any spells.
Your spell library contained the following spells:

 Spells                   Type           Power      Damage    Failure   Level
 Ensorcelled Hibernation  Hex/Ice        0%         N/A       94%         2
 Spider Form              Tmut/Pois      0%         N/A       99%         3
 Anguish                  Hex/Necr       0%         N/A       100%        4


Dungeon Overview and Level Annotations

Branches:
Dungeon (3/15)

Altars:


Innate Abilities, Weirdness & Mutations

A weak demonic guardian rushes to your aid.
You have a tail ending in a sharp stinger.


Message History

Found a stone staircase leading down.
The hobgoblin shouts!
You hear a shout!
A hobgoblin comes into view.
The hobgoblin hits you but does no damage.
You hit the hobgoblin.
You kill the hobgoblin!
A goblin comes into view. It is wielding a +0 dagger.
The goblin moves out of view.
You hit the hobgoblin but do no damage.
The hobgoblin hits you but does no damage.
You closely miss the hobgoblin.
The hobgoblin hits you but does no damage.
The hobgoblin barely misses you.
You slash the hobgoblin!
You kill the hobgoblin!
You see here a hobgoblin corpse.
A goblin is nearby!
You are too injured to fight recklessly!
Unknown command.
A goblin is nearby!
You are too injured to fight recklessly!
Unknown command.
A goblin is nearby!
You are too injured to fight recklessly!
Unknown command.
A goblin is nearby!
You are too injured to fight recklessly!
Found a stone staircase leading up.
The goblin shouts!
You hear a shout! x3
An orc priest comes into view. It is wielding a +0 flail.
The orc priest shouts!
An orc wizard comes into view. It is wielding a +0 dagger.
The goblin hits you but does no damage.
The orc wizard points at you and mumbles some strange words.
The puff of flame hits you!
* * * LOW HITPOINT WARNING * * *
An orc warrior comes into view. It is wielding a +0 hand axe.
The orc priest invokes the aid of Beogh against you.
Beogh smites you!
You die...

.......†#####..#.........
..####.#..####..........#
..$............##†###...#
....##.##.....###.###.....
... #.####.#...#.#<....##
... #.# #...#......#
!...##.######.###..#.#
.........####.###....#
..####..†.......@g.#.....
..........†.#........o.oo
.......<..........≈≈≈....
...................⌠≈....
............###...≈......
............# ##.........
..##.####..## #......... .
#. ...# ##........ ## .#.#


You could see an orc priest, an orc wizard and a goblin.

Vanquished Creatures
  Natasha (thrice) (D:3)
  5 adders
  2 dart slugs
  A ball python (D:2)
  9 endoplasms
  A giant cockroach (D:1)
  5 goblins
  7 hobgoblins
  3 kobolds
  3 quokkas
  4 bats
  5 rats
48 creatures vanquished.

Vanquished Creatures (collateral kills)
  A worm (D:3)
1 creature vanquished.

Grand Total: 49 creatures vanquished

Notes
Turn   | Place    | Note
-------+----------+-------------------------------------------
     0 | D:1      | Sin92 the Demonspawn Fighter began the quest for the Orb.
     0 | D:1      | Reached XP level 1. HP: 18/18 MP: 1/1
   191 | D:1      | Gained mutation: A weak demonic guardian rushes to your
                  | aid. [demonic ancestry]
   191 | D:1      | Reached XP level 2. HP: 24/24 MP: 2/2
   374 | D:1      | Found a faded altar of an unknown god.
   877 | D:2      | Reached skill level 1 in Dodging
   877 | D:2      | Reached XP level 3. HP: 29/29 MP: 3/3
  1368 | D:2      | Gained mutation: You have a small tail. [demonic ancestry]
  1368 | D:2      | Reached XP level 4. HP: 25/35 MP: 4/4
  1646 | D:3      | Noticed Natasha
  1650 | D:3      | Killed Natasha
  1666 | D:3      | Noticed Natasha
  1672 | D:3      | Killed Natasha
  1696 | D:3      | Noticed Natasha
  1708 | D:3      | Killed Natasha
  1709 | D:3      | Gained mutation: You have a tail ending in a sharp stinger.
                  | [demonic ancestry]
  1709 | D:3      | Reached XP level 5. HP: 13/42 MP: 5/5
  1735 | D:3      | Noticed an orc warrior
  1736 | D:3      | Killed from afar by an orc priest

Illustrated notes

Levels and vault maps discovered:
D:1:      elethiomel_arrival_maze, layout_basic,
          hellmonk_ecumenical_altar_run_dry
D:2:      layout_loops_ring
D:3:      layout_rooms, st_stairs_4, corexii_leaking_fountain, uniq_ijyb,
          uniq_crazy_yiuf_cottage, uniq_natasha

Skill      XL: |  1  2 |
---------------+-------+-----
Axes           | 2 |  2.7
Armour         | 3 |  3.4
Dodging        | 1 |  1.8
Shields        | 3 |  3.4
Fighting       | |  3.7

Action                   |  1- 3 |  4- 6 || total
-------------------------+-------+-------++-------
Melee: War axe           |    83 |    31 ||   114
       Tailslap          |       |     4 ||     4
  Use: Scroll            |     1 |       ||     1
Armor: Scale mail        |    41 |    26 ||    67
Dodge: Dodged            |    41 |    13 ||    54
Block: Buckler           |    16 |    13 ||    29
